Spanky and Anthrax

Match 12569768
End
Vickers Machine Gun Team
Construct Section Command Post
Infantry Section
Infantry Section
Infantry Section
Selects Indian Artillery Battlegroup
Construct Field Infirmary
Selects Valour
Selects Gurkha Rifles Section
Gurkha Rifles Section
Construct Platoon Command Post
6-pounder Anti-tank Gun Team
Unlock M3 Stuart Light Tanks
M3 Stuart Light Tank
Selects Volunteer Infantry
M3 Stuart Light Tank
6-pounder Anti-tank Gun Team
Selects Artillery Saturation
Gurkha Rifles Section
6-pounder Anti-tank Gun Team
AI Takeover
DemolitionHammer
FAQ
B L U E S KI D R O W
Rutra #NoToAerePerennius
0
0

Comments sign in to comment!

No comments posted yet!